 Dungeon Crawl Stone Soup version 0.29-a0-338-g1ff7896281 (webtiles) character file.

Game seed: 5613077584670946371

565640 Zonian the Imperceptible (level 26, -54/188 HPs)
             Began as a Gnoll Ice Elementalist on Apr 11, 2022.
             Was the Champion of Cheibriados.
             Killed from afar by an orb of fire (67 damage)
             ... with a fireball
             ... on level 1 of the Realm of Zot on Apr 18, 2022.
             The game lasted 06:35:14 (94514 turns).

Zonian the Imperceptible (Gnoll Ice Elementalist)  Turns: 94514, Time: 06:35:14

Health: -54/188    AC: 37    Str: 27      XL:     26   Next: 17%
Magic:  1/45       EV: 27    Int: 61      God:    Cheibriados [******]
Gold:   5078       SH: 20    Dex: 37 (38) Spells: 2/61 levels left

rFire   . . .      SeeInvis .   O - +10 war axe of the Hills {drain, Str-3 Int+6 Dex+6}
rCold   + . .      Faith    .   y - +1 kite shield {reflect}
rNeg    . . .      Spirit   .   S - +9 plate armour of Najixkap {Str+3 Int+4}
rPois   .          Reflect  +   T - +1 helmet {Int+3}
rElec   .          Harm     .   U - scarf {shadows}
rCorr   +          Rampage  .   d - +2 pair of gloves {Dex+3}
Will    +....      Rnd*Tele +   q - +2 pair of boots {Stlth+}
Stlth   ++++++....              n - amulet of regeneration
HPRegen 1.21/turn               f - ring "Vidill" {rF+ rCorr Int+9 Dex+3 Stlth-}
MPRegen 0.29/turn               I - ring of Fead {Ice Int+4 Stlth+}

@: studying 5 skills, unable to read, unable to drink, very slow
A: fangs 1, strong nose, distributed training, clumsy 2, deterioration 1, frail
1, teleportitis 1, subdued magic 1, inability to read while threatened
}: 4/15 runes: decaying, serpentine, slimy, silver
a: Renounce Religion, Bend Time, Temporal Distortion, Slouch, Step From Time


You were on level 1 of the Realm of Zot.
You worshipped Cheibriados.
Cheibriados was exalted by your worship.
You visited 12 branches of the dungeon, and saw 53 of its levels.
You visited the Abyss 2 times.
You also visited: Gauntlet.

You collected 8334 gold pieces.
You spent 3256 gold pieces at shops.

Inventory:

Hand Weapons
 l - the +9 flail "Impslayer" {vorpal, Str+7 Int+6 Dex-3}
   (You took it off a yaktaur on level 5 of the Vaults)

   It inflicts extra damage upon your enemies.
   Str:       It affects your strength (+7).
   Int:       It affects your intelligence (+6).
   Dex:       It affects your dexterity (-3).
 x - a +6 vorpal hand crossbow
 M - a +9 scimitar of holy wrath
 N - the +10 morningstar "Eos" {elec, Halo rElec}
   (You found it on level 3 of the Elven Halls)

   It occasionally discharges a powerful burst of electricity upon striking a
   foe.
   It grants its wielder a halo, increasing accuracy against those within it.
   rElec:     It insulates you from electricity.
 O - the +10 war axe of the Hills (weapon) {drain, Str-3 Int+6 Dex+6}
   (You found it on level 2 of the Lair of Beasts)

   A truly terrible weapon, it drains the life of any living foe it strikes.
   Str:       It affects your strength (-3).
   Int:       It affects your intelligence (+6).
   Dex:       It affects your dexterity (+6).
 V - the +7 morningstar "Ryxzuch" {freeze, rC+ Str+4 Dex+4}
   (You found it on level 5 of the Pits of Slime)

   It freezes those it strikes, dealing additional cold damage.
   It can also slow down cold-blooded creatures.
   Str:       It affects your strength (+4).
   Dex:       It affects your dexterity (+4).
   rC:        It protects you from cold.
Missiles
 o - 24 javelins
 H - 2 curare-tipped darts
Armour
 d - a +2 pair of gloves of dexterity (worn)
 q - a +2 pair of boots of stealth (worn)
 y - a +1 kite shield of reflection (worn)
 S - the +9 plate armour of Najixkap (worn) {Str+3 Int+4}
   (You found it on level 11 of the Dungeon)

   Str:       It affects your strength (+3).
   Int:       It affects your intelligence (+4).
 T - a +1 helmet of intelligence (worn)
 U - a scarf of shadows (worn)
Jewellery
 c - the ring "Mywk" {rN+ Will+}
   (You found it on level 5 of the Pits of Slime)

   [ring of willpower]

   rN:        It protects you from negative energy.
   Will:      It increases your willpower.
 f - the ring "Vidill" (left hand) {rF+ rCorr Int+9 Dex+3 Stlth-}
   (You took it off a yaktaur captain on level 5 of the Vaults)

   [ring of protection from fire]

   Int:       It affects your intelligence (+9).
   Dex:       It affects your dexterity (+3).
   rF:        It protects you from fire.
   rCorr:     It protects you from acid and corrosion.
   Stlth:     It makes you less stealthy.
 i - the ring of Xaczunt {Dex+3 SInv}
   (You found it on level 15 of the Dungeon)

   [ring of see invisible]

   Dex:       It affects your dexterity (+3).
   SInv:      It lets you see invisible.
 j - the ring of Qotodoc {rPois rF+ rN++ Will+ Stlth+}
   (You acquired it on level 3 of the Elven Halls)

   [ring of poison resistance]

   rF:        It protects you from fire.
   rPois:     It protects you from poison.
   rN:        It greatly protects you from negative energy.
   Will:      It increases your willpower.
   Stlth:     It makes you more stealthy.
 n - an amulet of regeneration (around neck)
 I - the ring of Fead (right hand) {Ice Int+4 Stlth+}
   (You found it on level 3 of the Crypt)

   [ring of ice]

   It enhances your ice magic.
   Int:       It affects your intelligence (+4).
   rF:        It makes you vulnerable to fire.
   rC:        It protects you from cold.
   Stlth:     It makes you more stealthy.
 Y - a ring of magical power
Wands
 b - a wand of polymorph (20)
 v - a wand of digging (20)
 B - a wand of acid (10)
 C - a wand of iceblast (17)
 F - a wand of mindburst (33)
 J - a wand of paralysis (41)
 K - a wand of flame (41)
Scrolls
 e - 3 scrolls of magic mapping
 g - 9 scrolls of teleportation
 m - 6 scrolls of fear
 t - 2 scrolls of silence
 w - 2 scrolls of summoning
 D - 5 scrolls of fog
 E - 2 scrolls of holy word
 R - 3 scrolls of blinking
Potions
 h - 9 potions of might
 k - 2 potions of cancellation
 p - 2 potions of resistance
 r - 3 potions of heal wounds
 s - 4 potions of berserk rage
 z - 11 potions of curing
 A - 4 potions of flight
 G - 6 potions of brilliance
 L - 3 potions of invisibility
 Q - a potion of ambrosia
 Z - 4 potions of magic
Miscellaneous
 a - a condenser vane
 u - a lightning rod (4/4)
 P - a box of beasts
 X - a tin of tremorstones (inert)


   Skills:
 + Level 17.5 Fighting
 + Level 20.6 Short Blades
 + Level 17.5 Long Blades
 + Level 19.8 Axes
 + Level 17.5 Maces & Flails
 + Level 17.5 Polearms
 + Level 17.5 Staves
 + Level 17.5 Slings
 + Level 17.5 Bows
 + Level 17.5 Crossbows
 + Level 17.5 Throwing
 + Level 17.8 Armour
 + Level 18.0 Dodging
 + Level 22.7 Stealth
 + Level 17.5 Shields
 + Level 22.4 Unarmed Combat
 + Level 18.1 Spellcasting
 + Level 14.9 Conjurations
 + Level 14.9 Hexes
 + Level 14.9 Summonings
 + Level 14.9 Necromancy
 + Level 14.9 Translocations
 + Level 14.9 Transmutations
 + Level 14.9 Fire Magic
 + Level 16.3 Ice Magic
 + Level 14.9 Air Magic
 + Level 14.9 Earth Magic
 + Level 14.9 Poison Magic
 + Level 18.9 Invocations
 + Level 17.5 Evocations


You had 2 spell levels left.
You knew the following spells:

 Your Spells              Type           Power      Damage    Failure   Level
a - Freeze                Ice            100%       1d11      0%          1
b - Frozen Ramparts       Ice            100%       1d12      0%          3
c - Ozocubu's Armour      Ice            100%       N/A       0%          3
d - Mephitic Cloud        Conj/Pois/Air  100%       N/A       0%          3
e - Hailstorm             Conj/Ice       100%       3d20      0%          4
f - Stone Arrow           Conj/Erth      100%       3d13      0%          3
g - Airstrike             Air            55%        N/A       0%          4
h - Vampiric Draining     Necr           100%       2d13      0%          3
i - Anguish               Hex/Necr       55%        N/A       0%          4
j - Flame Wave            Conj/Fire      100%       2d17      0%          4
k - Iskenderun's Mystic   Conj/Tloc      100%       2d19      0%          4
l - Lee's Rapid Deconstr  Erth           55%        3d27*     1%          5
m - Borgnjor's Vile Clut  Necr/Erth      55%        N/A       1%          5
n - Searing Ray           Conj           100%       2d8       0%          2
o - Dispel Undead         Necr           100%       3d31      0%          4
p - Ozocubu's Refrigerat  Ice            69%        4d18      1%          7

Your spell library contained the following spells:

 Spells                   Type           Power      Damage    Failure   Level
 Animate Skeleton         Necr           100%       N/A       0%          1
 Apportation              Tloc           100%       N/A       0%          1
 Beastly Appendage        Tmut           100%       N/A       0%          1
 Foxfire                  Conj/Fire      100%       2x1d9     0%          1
 Magic Dart               Conj           100%       1d8       0%          1
 Pain                     Necr           100%       1d9       0%          1
 Shock                    Conj/Air       100%       1d9       0%          1
 Slow                     Hex            100%       N/A       0%          1
 Sting                    Tmut/Pois      100%       1d8       0%          1
 Call Imp                 Summ           100%       N/A       0%          2
 Corpse Rot               Necr/Air       100%       N/A       0%          2
 Poisonous Vapours        Pois/Air       100%       N/A       0%          2
 Sublimation of Blood     Necr           100%       N/A       0%          2
 Wereblood                Tmut           100%       N/A       0%          2
 Call Canine Familiar     Summ           100%       N/A       0%          3
 Confusing Touch          Hex            100%       N/A       0%          3
 Conjure Flame            Conj/Fire      100%       6-21      0%          3
 Dazzling Flash           Conj/Hex       100%       N/A       0%          3
 Ignite Poison            Fire/Tmut/Pois 100%       N/A       0%          3
 Inner Flame              Hex/Fire       100%       N/A       0%          3
 Portal Projectile        Hex/Tloc       100%       N/A       0%          3
 Spider Form              Tmut/Pois      100%       N/A       0%          3
 Summon Guardian Golem    Hex/Summ       100%       N/A       0%          3
 Swiftness                Air            100%       N/A       0%          3
 Tukima's Dance           Hex            100%       N/A       0%          3
 Animate Armour           Summ/Erth      100%       N/A       0%          4
 Animate Dead             Necr           55%        N/A       0%          4
 Cause Fear               Hex            55%        N/A       0%          4
 Fulminant Prism          Conj/Hex       55%        3d25      0%          4
 Ice Form                 Ice/Tmut       100%       N/A       0%          4
 Leda's Liquefaction      Hex/Erth       55%        N/A       0%          4
 Olgreb's Toxic Radiance  Pois           100%       N/A       0%          4
 Passage of Golubria      Tloc           100%       N/A       0%          4
 Petrify                  Tmut/Erth      100%       N/A       0%          4
 Sticky Flame             Conj/Fire      100%       2d11      0%          4
 Summon Lightning Spire   Summ/Air       100%       N/A       0%          4
 Agony                    Necr           100%       N/A       1%          5
 Excruciating Wounds      Necr           55%        N/A       1%          5
 Fireball                 Conj/Fire      55%        3d21      1%          5
 Freezing Cloud           Conj/Ice/Air   68%        6-21      1%          5
 Irradiate                Conj/Tmut      55%        3d31      1%          5
 Iskenderun's Battlesphe  Conj           100%       2d15      1%          5
 Lightning Bolt           Conj/Air       55%        1d77      1%          5
 Manifold Assault         Tloc           100%       N/A       1%          5
 Metabolic Englaciation   Hex/Ice        68%        N/A       1%          5
 Silence                  Hex/Air        55%        N/A       1%          5
 Summon Forest            Summ/Tloc      55%        N/A       1%          5
 Summon Mana Viper        Hex/Summ       100%       N/A       1%          5
 Conjure Ball Lightning   Conj/Air       55%        3x3d20    1%          6
 Eringya's Noxious Bog    Tmut/Pois      55%        N/A       1%          6
 Simulacrum               Ice/Necr       68%        N/A       1%          6
 Statue Form              Tmut/Erth      73%        N/A       1%          6
 Enfeeble                 Hex            55%        N/A       1%          7
 Haunt                    Necr/Summ      55%        N/A       1%          7
 Orb of Destruction       Conj           55%        9d14      1%          7
 Storm Form               Tmut/Air       55%        N/A       1%          7
 Summon Hydra             Summ           55%        N/A       1%          7
 Infestation              Necr           55%        N/A       19%         8
 Lehudib's Crystal Spear  Conj/Erth      55%        10d13     19%         8
 Maxwell's Capacitive Co  Air            55%        ∞         19%         8
 Necromutation            Tmut/Necr      55%        N/A       19%         8
 Polar Vortex             Ice            69%        N/A       86%         9
 Chain Lightning          Conj/Air       55%        3d73      97%         9
 Fire Storm               Conj/Fire      55%        8d14      97%         9
 Shatter                  Erth           55%        3d41*     97%         9


Dungeon Overview and Level Annotations

Branches:
Dungeon (15/15)            Temple (1/1) D:4            Lair (6/6) D:11
  Swamp (4/4) Lair:3        Snake (4/4) Lair:2        Slime (5/5) Lair:6
    Orc (2/2) D:10            Elf (3/3) Orc:2        Vaults (5/5) D:14
  Crypt (3/3) Vaults:2       Tomb (0/3) Crypt:3      Depths (4/4) D:15
    Zot (1/5) Depths:4    Gauntlet (visited)

Altars:
Ashenzari
Cheibriados
Dithmenos
Elyvilon
Fedhas
Gozag
Kikubaaqudgha
Makhleb
Nemelex Xobeh
Okawaru
Qazlal
Ru
Sif Muna
Trog
Uskayaw
Vehumet
Wu Jian
Xom
Yredelemnul
Zin
The Shining One
Beogh
Jiyva

Shops:
D:1 *   D:5 :   D:15 *??[*   Orc:2 ?!![   Elf:3 [   Vaults:4 !   Depths:2 [=(

Portals:
Hell: Depths:1 Depths:2 Depths:3 Depths:4
Abyss: Depths:3
Pandemonium: Depths:1 Depths:2
Ziggurat: Depths:3

Annotations:
D:6 3 runed translucent doors, Slifar's ghost, novice DrEE
D:15 Louise
Lair:1 3 runed translucent doors, Juaxitin's ghost, novice GrFi
Elf:2 3 runed translucent doors


Innate Abilities, Weirdness & Mutations

You have very sharp teeth.
Your uncanny sense of smell can sniff out nearby items.
Your experience applies equally to all skills.
You are very clumsy. (Dex -4)
Your body sometimes deteriorates upon taking damage.
You are frail. (-10% HP)
You are occasionally teleported next to monsters.
Your spells are a little easier to cast, but a little less powerful.
You sometimes lose the ability to read scrolls when taking damage.


Message History

Press: ? - help, Shift-Dir - straight line, f - orb of fire
Aim: an orb of fire (severely damaged, 50% to hit)
Okay, then.
Aiming: Mindburst
Press: ? - help, Shift-Dir - straight line, f - you
Okay, then.
Aiming: Polymorph
Press: ? - help, Shift-Dir - straight line, f - you
Okay, then.
Okay, then.
Press: ? - help, v - describe, . - travel
Here: an orb of fire (severely damaged)
The floor.
Unknown command.
Press: ? - help, v - describe, . - travel
Here: an orb of fire (severely damaged)
The floor.
Activating: Slouch (0% risk of failure)
Press: ? - help, Dir - look around, f - activate You can feel time thicken for a moment.
The orb of fire glows deep purple.
The bolt of fire misses you.
Press: ? - help, v - describe, . - travel
Here: an orb of fire (almost destroyed)
The floor.
You miss the orb of fire.
The orb of fire is almost destroyed.
The orb of fire glows yellow.
The fireball explodes!
The fireball engulfs you!
* * * LOW HITPOINT WARNING * * *
The fireball engulfs the orb of fire.
The orb of fire completely resists.
You closely miss the orb of fire.
The orb of fire is almost destroyed.
The orb of fire glows bright magenta.
The fireball explodes!
The fireball engulfs you!
* * * LOW HITPOINT WARNING * * *
The fireball engulfs the orb of fire.
The orb of fire completely resists.
The orb of fire emits a lurid red light.
The fireball explodes!
The fireball engulfs you!!!
You die...

## ..## # #..##.##
#...#.### #....#..##
.##...###.)...#.###
.......###........###
.......###*........##
######......###@...#....##
.............###......#..
..............###......#
d..............###.....##
..[....###......##......#
........⌠.###....##.....##
###...###. ###)..#......#
##.. ## ##..##.....## #..
##..#......#


You could see an orb of fire.

Vanquished Creatures
  Dissolution (Slime:2)
  the Royal Jelly (Slime:5)
  A dread lich (Crypt:3)
  An ancient lich (Crypt:3)
  A juggernaut (Depths:3)
  Bai Suzhen (Swamp:2)
  Boris (4 times) (Vaults:3 Vaults:4 Depths:1 Crypt:2)
  A caustic shrike (Depths:3)
  7 golden dragons
  Jory (Crypt:3)
  2 bone dragons
  Jorgrun (D:13)
  Mlioglotl (Lair:3)
  A walking crystal tome (Depths:3)
  2 deep elf blademasters (Elf:3)
  8 tentacled monstrosities
  2 deep elf master archers (Elf:3)
  3 quicksilver dragons
  3 walking divine tomes
  17 acid blobs
  11 liches
  3 titans
  A walking frostbound tome (Depths:3)
  Frances (Swamp:1)
  2 tentacled starspawn
  Gastronok (D:8)
  6 sphinxes
  Kirke (D:13)
  5 tengu reavers
  A thorn hunter (Swamp:4)
  7 shadow dragons
  Donald (Snake:2)
  7 ancient champions
  19 rockslimes
  A storm dragon (Depths:4)
  A revenant (Crypt:3)
  14 azure jellies
  A fenstrider witch (Swamp:3)
  3 iron dragons
  10 fire giants
  10 nagarajas
  6 deep elf sorcerers
  11 frost giants
  23 vault wardens
  An orc warlord (Vaults:4)
  A daeva (Depths:2)
  A draconian scorcher (Zot:1)
  2 curse skulls
  A spriggan defender (Depths:4)
  An angel (Depths:2)
  5 deep elf elementalists (Elf:3)
  5 ghouls (Crypt:2)
  8 ironbound preservers
  5 draconian stormcallers (Depths:4)
  12 quicksilver oozes
  A draconian shifter (Zot:1)
  18 stone giants
  8 vampire knights
  5 war gargoyles
  8 ironbound thunderhulks
  9 very ugly things
  3 green draconians
  8 deep elf demonologists
  Nessos (D:13)
  A red draconian (Zot:1)
  3 eleionomae
  2 lorocyprocas
  2 black draconians
  3 yellow draconians
  6 spark wasps
  4 dire elephants (Vaults:2)
  A minotaur (Gauntlet)
  6 bunyips
  4 deep elf annihilators
  An entropy weaver (Vaults:5)
  5 eidola
  2 purple draconians
  8 deep elf death magi
  7 ettins
  2 blizzard demons (Depths:2)
  2 jiangshi (Crypt:1)
  12 fire dragons
  A crystal guardian (Vaults:3)
  5 great orbs of eyes
  6 rakshasas
  14 yaktaur captains
  The ghost of Grognak the Cleaver, a journeyman MiFi of Trog (D:11)
  3 deep elf high priests
  33 hydras
  10 ice dragons
  2 spriggan air magi (Depths:3)
  7 ogre magi
  11 naga warriors
  10 anacondas
  A salamander tyrant (Snake:4)
  43 vault guards
  A peacekeeper (Vaults:3)
  12 centaur warriors
  8 boulder beetles
  2 catoblepae
  11 ironbound frosthearts
  22 two-headed ogres
  7 alligators
  A ghost crab (Swamp:4)
  15 dancing weapons
  7 death yaks (Lair:3)
  10 tengu warriors
  9 deep troll shamans
  2 thrashing horrors
  11 deep troll earth magi
  7 vampire magi
  5 hell hogs (Depths:1)
  8 naga sharpshooters
  8 shock serpents
  3 soul eaters
  10 spriggan berserkers
  4 sun demons
  5 deep elf knights
  4 hell knights
  16 skeletal warriors
  2 fire crabs
  2 sixfirhies
  4 goliath frogs
  2 wretched stars (Abyss:2)
  4 salamander mystics
  Lodul (D:13)
  3 glowing orange brains
  6 iron trolls
  A death drake (Swamp:1)
  2 shadow wraiths
  31 deep trolls
  An orb spider (shapeshifter) (Vaults:5)
  A ghost moth zombie (Crypt:2)
  5 naga ritualists
  10 deep elf archers
  5 spriggan druids (Swamp:4)
  3 cherubim (Depths:2)
  7 swamp dragons (Swamp:4)
  4 bog bodies
  3 lindwurms
  2 bunyip skeletons
  20 phantasmal warriors
  13 flayed ghosts
  15 ironbound convokers
  10 necromancers
  6 orc knights
  10 wizards
  An orange crystal statue (Crypt:1)
  A harpy (shapeshifter) (D:14)
  22 deep elf pyromancers
  9 mana vipers
  5 harpies (Vaults:2)
  15 deep elf zephyrmancers
  32 ugly things
  5 cyclopes
  6 shining eyes
  A stone giant zombie (Crypt:1)
  9 large abominations
  An iron dragon skeleton (Crypt:3)
  3 manticores
  A moth of wrath (Zot:1)
  An orc sorcerer (Orc:1)
  2 will-o-the-wisps (Swamp:2)
  19 salamanders
  2 fire giant skeletons (Crypt:3)
  A sphinx skeleton (Crypt:1)
  6 guardian serpents (Snake:4)
  41 black mambas
  14 naga magi
  16 vault sentinels
  2 molten gargoyles (Lair:6)
  A stone giant skeleton (Vaults:4)
  A toenail golem (Abyss:3)
  A black mamba (shapeshifter) (Vaults:5)
  6 gargoyles
  12 cane toads
  A torpor snail (shapeshifter) (Depths:3)
  An alligator snapping turtle zombie (Crypt:1)
  2 smoke demons
  A hellion (Depths:1)
  2 torpor snails
  3 eyes of devastation
  A pale draconian zombie (Crypt:2)
  A dire elephant skeleton (Crypt:2)
  32 yaktaurs
  2 efreet
  A rime drake (Lair:6)
  A komodo dragon (shapeshifter) (D:15)
  16 komodo dragons
  A black draconian zombie (Crypt:1)
  2 kobold demonologists (D:10)
  An elf (Vaults:4)
  An unseen horror (shapeshifter) (Vaults:4)
  Psyche (D:8)
  2 freezing wraiths (Crypt:3)
  2 tengu conjurers (Depths:2)
  An alligator snapping turtle skeleton (Crypt:3)
  A human zombie (Vaults:4)
  9 trolls
  4 guardian mummies (Crypt:3)
  2 trolls (shapeshifter)
  A red devil (Depths:2)
  4 ancient zymes
  A green draconian skeleton (Crypt:2)
  2 harpy zombies (Crypt:1)
  13 hornets
  2 polar bears (Lair:5)
  2 bloated husks (Swamp:1)
  A tarantella (D:15)
  3 tyrant leeches
  10 raiju
  26 blink frogs
  5 harpy skeletons
  88 slime creatures
  A deep troll zombie (Vaults:4)
  The ghost of PezBoy the Skirmisher, an amateur GrFi of Gozag (D:4)
  A guardian serpent skeleton (Crypt:1)
  2 air elementals (Elf:1)
  16 flying skulls (Gauntlet)
  A culicivora (shapeshifter) (Vaults:5)
  A culicivora zombie (Crypt:1)
  10 shadows
  An ettin skeleton (Crypt:2)
  14 fire dragon skeletons (Crypt:3)
  25 spriggans
  7 hogs (D:13)
  2 spriggans (shapeshifter)
  A vampire (Abyss:3)
  A ynoxinul (Depths:2)
  13 golden eyes
  11 basilisks
  6 wyverns
  47 yaks
  A human (Vaults:4)
  5 water elementals
  An alligator snapping turtle simulacrum (Crypt:1)
  8 wraiths
  2 fire elementals
  4 neqoxecs
  3 chaos spawn
  6 steam dragons
  4 redbacks (D:15)
  A harpy simulacrum (Crypt:1)
  31 nagas
  3 wargs
  A naga (shapeshifter) (D:15)
  An ogre zombie (Vaults:4)
  10 vampire mosquitoes
  A demonspawn zombie (Crypt:1)
  19 swamp worms
  4 acid dragons
  The ghost of spiderkeys the Ducker, an amateur SpAK of Lugonu (D:3)
  14 water moccasins
  A water nymph skeleton (Crypt:2)
  8 hell hounds
  A floating eye (Depths:2)
  A deep troll skeleton (Crypt:3)
  9 swamp drakes
  Duvessa (D:6)
  26 orc warriors
  3 sky beasts (D:7)
  3 black bears
  2 ice beasts
  A lindwurm zombie (Crypt:2)
  3 boggarts (Lair:5)
  An ettin simulacrum (Crypt:1)
  A blink frog skeleton (Crypt:1)
  34 ogres
  A blink frog zombie (Crypt:1)
  45 wolves
  13 centaurs
  A wolf (shapeshifter) (D:15)
  6 phantoms
  5 elf zombies (Elf:1)
  2 kobold brigands
  6 bullfrogs
  3 necrophages
  2 gnoll sergeants
  4 earth elementals
  A scorpion (D:4)
  A wight (Crypt:3)
  A cyclops skeleton (Crypt:2)
  Dowan (D:6)
  A water moccasin skeleton (Crypt:2)
  A killer bee (D:7)
  5 lava snakes (Lair:6)
  8 electric eels
  10 howler monkeys
  4 quasits
  2 centaur zombies (D:10)
  4 hounds
  4 gnoll shamans
  5 jellies
  27 orc priests
  2 centaur skeletons
  An iron imp (Abyss:2)
  5 small abominations
  Jessica (D:3)
  4 iguanas
  26 orc wizards
  6 mummies (Crypt:3)
  23 gnolls
  6 adders
  3 white imps
  2 ufetubi
  2 worms (D:3)
  4 dart slugs
  104 orcs
  12 ball pythons
  10 bats
  10 endoplasms
  8 goblins
  8 hobgoblins
  5 jackals
  9 kobolds
  5 quokkas
  A ball python skeleton (Crypt:2)
  A frilled lizard skeleton (Crypt:2)
  A goblin zombie (Crypt:1)
  7 rats
  A rat zombie (Crypt:1)
  A river rat skeleton (Crypt:2)
  2 briar patches (Swamp:4)
  A butterfly (Swamp:2)
  3 starspawn tentacles
2185 creatures vanquished.

Vanquished Creatures (collateral kills)
  An ancient lich (Vaults:5)
  An ironbound frostheart (Vaults:4)
  An apocalypse crab (Abyss:2)
  An unseen horror (Abyss:2)
  A slime creature (Slime:5)
5 creatures vanquished.

Vanquished Creatures (others)
  A fire giant (Depths:3)
  A vampire knight (Crypt:2)
  A vault guard (Vaults:4)
  2 two-headed ogres (Orc:2)
  A deep elf pyromancer (Elf:3)
  2 guardian serpents (Snake:4)
  3 bloated husks
  A slime creature (Slime:5)
  2 orc priests
  A quokka (D:15)
  A briar patch (Swamp:4)
  A bush (Lair:3)
  14 foxfires
  33 fungi
  65 plants
  3 starspawn tentacles
  9 withered plants (Crypt:3)
141 creatures vanquished.

Grand Total: 2331 creatures vanquished

Notes
Turn   | Place    | Note
-------+----------+-------------------------------------------
     0 | D:1      | Zonian the Gnoll Ice Elementalist began the quest for the
                  | Orb.
     0 | D:1      | Reached XP level 1. HP: 13/13 MP: 6/6
   191 | D:1      | Reached XP level 2. HP: 15/19 MP: 1/7
   739 | D:1      | Found Yrus's Assorted Antiques.
   787 | D:1      | Reached XP level 3. HP: 25/25 MP: 7/9
   791 | D:1      | Learned a level 3 spell: Frozen Ramparts
   927 | D:1      | Reached skill level 5 in Spellcasting
  1226 | D:1      | Found a faded altar of an unknown god.
  1367 | D:1      | Reached skill level 1 in Invocations
  1663 | D:2      | Learned a level 3 spell: Ozocubu's Armour
  2033 | D:2      | Reached skill level 1 in Fighting
  2033 | D:2      | Reached skill level 1 in Short Blades
  2033 | D:2      | Reached skill level 1 in Long Blades
  2033 | D:2      | Reached skill level 1 in Axes
  2033 | D:2      | Reached skill level 1 in Maces & Flails
  2033 | D:2      | Reached skill level 1 in Polearms
  2033 | D:2      | Reached skill level 1 in Staves
  2033 | D:2      | Reached skill level 1 in Slings
  2033 | D:2      | Reached skill level 1 in Bows
  2033 | D:2      | Reached skill level 1 in Crossbows
  2033 | D:2      | Reached skill level 1 in Throwing
  2033 | D:2      | Reached skill level 1 in Armour
  2033 | D:2      | Reached skill level 1 in Shields
  2033 | D:2      | Reached skill level 1 in Unarmed Combat
  2033 | D:2      | Reached skill level 1 in Evocations
  2142 | D:2      | Reached XP level 4. HP: 27/32 MP: 8/11
  2918 | D:3      | Reached skill level 1 in Conjurations
  2918 | D:3      | Reached skill level 1 in Hexes
  2918 | D:3      | Reached skill level 1 in Summonings
  2918 | D:3      | Reached skill level 1 in Necromancy
  2918 | D:3      | Reached skill level 1 in Translocations
  2918 | D:3      | Reached skill level 1 in Transmutations
  2918 | D:3      | Reached skill level 1 in Fire Magic
  2918 | D:3      | Reached skill level 1 in Air Magic
  2918 | D:3      | Reached skill level 1 in Earth Magic
  2918 | D:3      | Reached skill level 1 in Poison Magic
  3186 | D:3      | Noticed spiderkeys's ghost (amateur SpAK)
  3197 | D:3      | Noticed Jessica
  3421 | D:3      | Reached XP level 5. HP: 37/37 MP: 9/12
  3454 | D:3      | Killed Jessica
  3875 | D:3      | Found a transporter.
  3894 | D:3      | Found a transporter.
  4163 | D:4      | Noticed PezBoy's ghost (amateur GrFi)
  4164 | D:4      | Found a transporter.
  4165 | D:4      | Noticed an acid dragon
  4167 | D:4      | Noticed a phantom
  4195 | D:4      | Reached XP level 6. HP: 23/44 MP: 9/13
  4448 | D:4      | Found a staircase to the Ecumenical Temple.
  4457 | Temple   | Entered the Ecumenical Temple
  4607 | Temple   | Became a worshipper of Cheibriados the Contemplative
  5011 | D:4      | Found a transporter.
  5064 | D:4      | Reached skill level 5 in Dodging
  5291 | D:1      | Bought a scroll labelled DAASOVV PACHOEWN for 20 gold
                  | pieces
  5291 | D:1      | Bought 2 green potions for 36 gold pieces
  6395 | D:4      | Reached * piety under Cheibriados
  6397 | D:4      | Reached XP level 7. HP: 39/50 MP: 11/15
  6494 | D:4      | Found a burning altar of Makhleb.
  6494 | D:4      | Found a white marble altar of Elyvilon.
  6494 | D:4      | Found a sparkling altar of Nemelex Xobeh.
  6494 | D:4      | Found a hide-covered altar of Uskayaw.
  6513 | D:4      | Found a blossoming altar of Fedhas.
  6518 | D:4      | Found a sacrificial altar of Ru.
  6857 | D:5      | Entered Level 5 of the Dungeon
  7245 | D:5      | Identified a scroll of acquirement
  7245 | D:5      | Acquired an amulet of regeneration
  7320 | D:5      | Reached skill level 5 in Stealth
  7320 | D:5      | Found Gusenuc's Book Emporium.
  7352 | D:5      | Reached XP level 8. HP: 16/57 MP: 12/16
  7574 | D:5      | Reached ** piety under Cheibriados
  8499 | D:6      | Noticed Duvessa
  8499 | D:6      | Noticed Dowan
  8509 | D:6      | Reached XP level 9. HP: 41/65 MP: 11/18
  8511 | D:6      | Killed Duvessa
  8681 | D:6      | Learned a level 1 spell: Foxfire
  8742 | D:6      | Killed Dowan
  9075 | D:6      | Found a runed translucent gate.
  9075 | D:6      | Found a runed translucent gate.
  9076 | D:6      | Found a runed translucent gate.
  9085 | D:6      | Noticed Slifar's ghost (novice DrEE)
  9454 | D:1      | Bought a silver ring for 100 gold pieces
  9454 | D:1      | Bought a sapphire potion for 18 gold pieces
  9461 | D:1      | Learned a level 4 spell: Hailstorm
  9728 | D:6      | Reached *** piety under Cheibriados
  9871 | D:7      | Reached skill level 5 in Invocations
 10073 | D:7      | Reached XP level 10. HP: 73/73 MP: 16/20
 10211 | D:7      | Reached skill level 5 in Fighting
 10211 | D:7      | Reached skill level 5 in Short Blades
 10211 | D:7      | Reached skill level 5 in Long Blades
 10211 | D:7      | Reached skill level 5 in Axes
 10211 | D:7      | Reached skill level 5 in Maces & Flails
 10211 | D:7      | Reached skill level 5 in Polearms
 10211 | D:7      | Reached skill level 5 in Staves
 10211 | D:7      | Reached skill level 5 in Slings
 10211 | D:7      | Reached skill level 5 in Bows
 10211 | D:7      | Reached skill level 5 in Crossbows
 10211 | D:7      | Reached skill level 5 in Throwing
 10211 | D:7      | Reached skill level 5 in Armour
 10211 | D:7      | Reached skill level 5 in Shields
 10211 | D:7      | Reached skill level 5 in Unarmed Combat
 10211 | D:7      | Reached skill level 5 in Evocations
 10567 | D:7      | Found an iron altar of Okawaru.
 10877 | D:8      | Reached **** piety under Cheibriados
 11502 | D:8      | Noticed Gastronok
 11504 | D:8      | Noticed Psyche
 12706 | D:9      | Learned a level 3 spell: Stone Arrow
 12879 | D:9      | Reached ***** piety under Cheibriados
 13590 | D:10     | Entered Level 10 of the Dungeon
 13636 | D:10     | Noticed a kobold demonologist
 13636 | D:10     | Noticed a kobold demonologist
 13641 | D:10     | Noticed a soul eater
 13644 | D:10     | Noticed an orange demon
 13645 | D:10     | Killed a kobold demonologist
 13646 | D:10     | Reached XP level 11. HP: 68/81 MP: 15/22
 13826 | D:10     | Found a staircase to the Orcish Mines.
 13887 | D:10     | Reached skill level 5 in Conjurations
 13887 | D:10     | Reached skill level 5 in Hexes
 13887 | D:10     | Reached skill level 5 in Summonings
 13887 | D:10     | Reached skill level 5 in Necromancy
 13887 | D:10     | Reached skill level 5 in Translocations
 13887 | D:10     | Reached skill level 5 in Transmutations
 13887 | D:10     | Reached skill level 5 in Fire Magic
 13887 | D:10     | Reached skill level 5 in Air Magic
 13887 | D:10     | Reached skill level 5 in Earth Magic
 13887 | D:10     | Reached skill level 5 in Poison Magic
 14294 | D:10     | Found a basalt altar of Yredelemnul.
 14591 | D:11     | Noticed a boulder beetle
 14921 | D:11     | Found a staircase to the Lair.
 14952 | Lair:1   | Entered Level 1 of the Lair of Beasts
 14964 | Lair:1   | Noticed a six-headed hydra
 15032 | Lair:1   | Learned a level 4 spell: Airstrike
 15045 | Lair:1   | Found a blossoming altar of Fedhas.
 15572 | Lair:1   | Killed a six-headed hydra
 15757 | Lair:1   | Found a runed translucent gate.
 15757 | Lair:1   | Found a runed translucent gate.
 15757 | Lair:1   | Found a runed translucent gate.
 15759 | Lair:1   | Noticed an 11-headed hydra
 15764 | Lair:1   | Noticed Juaxitin's ghost (novice GrFi)
 16831 | Lair:2   | Noticed an eight-headed hydra
 16936 | Lair:2   | Found a staircase to the Snake Pit.
 17008 | Lair:2   | Identified the +10 war axe of the Hills {drain, Str-3 Int+6
                  | Dex+6}
 17150 | Lair:2   | Killed an eight-headed hydra
 17151 | Lair:2   | Reached XP level 12. HP: 43/89 MP: 15/24
 17477 | Lair:2   | Noticed an eight-headed hydra
 17489 | Lair:2   | Killed an eight-headed hydra
 18048 | Lair:2   | Learned a level 3 spell: Vampiric Draining
 18165 | Lair:2   | Noticed an eight-headed hydra
 18174 | Lair:2   | Killed an eight-headed hydra
 18273 | Lair:3   | Noticed a four-headed hydra
 18302 | Lair:3   | Killed a four-headed hydra
 18532 | Lair:3   | Found a staircase to the Swamp.
 18919 | Lair:3   | Noticed a catoblepas
 19286 | Lair:3   | Noticed a death yak
 19286 | Lair:3   | Noticed a death yak
 19286 | Lair:3   | Noticed a death yak
 19286 | Lair:3   | Noticed a death yak
 19300 | Lair:3   | Killed a death yak
 19303 | Lair:3   | Killed a death yak
 19308 | Lair:3   | Killed a death yak
 19309 | Lair:3   | Killed a death yak
 19433 | Lair:3   | Found a shimmering blue altar of Sif Muna.
 19441 | Lair:3   | Noticed a death yak
 19451 | Lair:3   | Noticed a death yak
 19451 | Lair:3   | Noticed a death yak
 19615 | Lair:3   | Killed a death yak
 19616 | Lair:3   | Reached XP level 13. HP: 88/98 MP: 20/26
 20157 | Lair:4   | Identified the +1 spear "Demonbane" {spect, rElec rC+}
 20950 | Lair:4   | Reached ****** piety under Cheibriados
 20952 | Lair:4   | Reached skill level 10 in Ice Magic
 21618 | Lair:5   | Identified the +4 buckler "Beiceud" {+Inv rF+}
 21948 | Lair:5   | Reached skill level 10 in Spellcasting
 22404 | Lair:5   | Reached skill level 10 in Dodging
 22406 | Lair:5   | Reached XP level 14. HP: 95/106 MP: 28/28
 23049 | Lair:6   | Entered Level 6 of the Lair of Beasts
 23125 | Lair:6   | Found a gate leading to a gauntlet.
 23143 | Gauntlet | Entered a Gauntlet
 23143 | Gauntlet | Found a transporter.
 23143 | Gauntlet | Found a transporter.
 23143 | Gauntlet | Found a transporter.
 23168 | Gauntlet | Found a transporter.
 23180 | Gauntlet | Found a transporter.
 23182 | Gauntlet | Found a transporter.
 23192 | Gauntlet | Found a transporter.
 23214 | Gauntlet | Found a transporter.
 23234 | Gauntlet | Found a transporter.
 23234 | Gauntlet | Found a transporter.
 23238 | Gauntlet | Found a transporter.
 23242 | Gauntlet | Found a transporter.
 23337 | Gauntlet | Learned a level 4 spell: Anguish
 23346 | Gauntlet | Learned a level 4 spell: Flame Wave
 23356 | Gauntlet | Reached skill level 10 in Stealth
 23404 | Gauntlet | Identified the amulet "Laukk" {Spirit Rampage Drain rPois
                  | Int-2}
 23749 | Gauntlet | Identified the ring of Lady Luck {Fire Slay+2}
 23886 | Lair:6   | Reached skill level 10 in Invocations
 24114 | Lair:6   | Found a staircase to the Slime Pits.
 24744 | Lair:6   | Found a large runed translucent door.
 24950 | Lair:6   | Reached skill level 10 in Unarmed Combat
 24972 | Lair:6   | Found a large runed translucent door.
 25628 | D:5      | Bought the Catalogue of the Ego for 494 gold pieces
 25633 | D:5      | Learned a level 4 spell: Iskenderun's Mystic Blast
 25797 | D:11     | Found a runed translucent gate.
 25797 | D:11     | Identified the +1 chain mail "Juamuemp" {Slay+3}
 25798 | D:11     | Found a runed translucent gate.
 25799 | D:11     | Found a runed translucent gate.
 25800 | D:11     | Noticed Grognak's ghost (journeyman MiFi)
 25875 | D:11     | Killed Grognak's ghost
 26298 | D:11     | Identified the +9 plate armour of Najixkap {Str+3 Int+4}
 26347 | D:11     | Reached XP level 15. HP: 115/115 MP: 29/29
 28951 | D:13     | Noticed Nessos
 28968 | D:13     | Killed Nessos
 28969 | D:13     | Reached skill level 10 in Fighting
 28969 | D:13     | Reached skill level 10 in Short Blades
 28969 | D:13     | Reached skill level 10 in Long Blades
 28969 | D:13     | Reached skill level 10 in Axes
 28969 | D:13     | Reached skill level 10 in Maces & Flails
 28969 | D:13     | Reached skill level 10 in Polearms
 28969 | D:13     | Reached skill level 10 in Staves
 28969 | D:13     | Reached skill level 10 in Slings
 28969 | D:13     | Reached skill level 10 in Bows
 28969 | D:13     | Reached skill level 10 in Crossbows
 28969 | D:13     | Reached skill level 10 in Throwing
 28969 | D:13     | Reached skill level 10 in Armour
 28969 | D:13     | Reached skill level 10 in Shields
 28969 | D:13     | Reached skill level 10 in Evocations
 29280 | D:13     | Noticed Kirke
 29298 | D:13     | Killed Kirke
 29455 | D:13     | Found a shadowy altar of Dithmenos.
 29491 | D:13     | Noticed Jorgrun
 29499 | D:13     | Killed Jorgrun
 29628 | D:13     | Noticed Lodul
 29782 | D:13     | Killed Lodul
 30650 | D:14     | Found a gate to the Vaults.
 31419 | D:15     | Entered Level 15 of the Dungeon
 31437 | D:15     | Found Bicuhukh's General Store.
 31539 | D:15     | Reached XP level 16. HP: 105/123 MP: 31/31
 31705 | D:15     | Found a staircase to the Depths.
 31806 | D:15     | Noticed Louise
 31860 | D:15     | Found a white marble altar of Elyvilon.
 31873 | D:15     | Identified the ring of Xaczunt {Dex+3 SInv}
 31912 | D:15     | Found Efav's Assorted Antiques.
 31926 | D:15     | Bought a scroll of teleportation for 99 gold pieces
 31926 | D:15     | Bought a scroll of teleportation for 99 gold pieces
 32036 | D:15     | Found Setol's Magic Scroll Shoppe.
 32042 | D:15     | Found Huore's Armour Shop.
 32115 | D:15     | Found Gisadgh's Magic Scroll Emporium.
 32123 | D:15     | Bought a scroll of teleportation for 45 gold pieces
 32123 | D:15     | Bought a scroll of fog for 30 gold pieces
 32525 | Orc:1    | Entered Level 1 of the Orcish Mines
 33174 | Orc:2    | Entered Level 2 of the Orcish Mines
 33209 | Orc:2    | Found a staircase to the Elven Halls.
 34073 | Orc:2    | Found Sauvvini's Magic Scroll Boutique.
 34073 | Orc:2    | Found Jeproz's Distillery.
 34074 | Orc:2    | Found Tuwib's Distillery.
 34074 | Orc:2    | Found Fuor's Antique Armour Shop.
 34084 | Orc:2    | Paralysed by an ogre mage for 5 turns
 34489 | Orc:2    | Bought a potion of flight for 30 gold pieces
 34489 | Orc:2    | Bought a potion of ambrosia for 80 gold pieces
 34490 | Orc:2    | Bought a scroll of fear for 38 gold pieces
 34492 | Orc:2    | Bought a pair of embroidered gloves for 225 gold pieces
 34492 | Orc:2    | Bought a shiny buckler for 225 gold pieces
 35420 | Snake:1  | Entered Level 1 of the Snake Pit
 35781 | Snake:1  | Reached XP level 17. HP: 51/131 MP: 29/33
 36850 | Snake:1  | Found Errittu's Armour Boutique.
 38336 | Snake:2  | Noticed Donald
 38345 | Snake:2  | Killed Donald
 38821 | Snake:2  | Identified the +4 lajatang of the Unspeakable One {venom,
                  | Fly rC+++ Str-2 Int-2}
 38986 | Snake:3  | Reached skill level 10 in Conjurations
 38986 | Snake:3  | Reached skill level 10 in Hexes
 38986 | Snake:3  | Reached skill level 10 in Summonings
 38986 | Snake:3  | Reached skill level 10 in Necromancy
 38986 | Snake:3  | Reached skill level 10 in Translocations
 38986 | Snake:3  | Reached skill level 10 in Transmutations
 38986 | Snake:3  | Reached skill level 10 in Fire Magic
 38986 | Snake:3  | Reached skill level 10 in Air Magic
 38986 | Snake:3  | Reached skill level 10 in Earth Magic
 38986 | Snake:3  | Reached skill level 10 in Poison Magic
 39784 | Snake:4  | Entered Level 4 of the Snake Pit
 40722 | Snake:4  | Learned a level 5 spell: Freezing Cloud
 40922 | Snake:4  | Reached XP level 18. HP: 98/140 MP: 29/35
 41427 | Snake:4  | Reached skill level 15 in Stealth
 42531 | Snake:4  | Got a serpentine rune of Zot
 43181 | Swamp:1  | Entered Level 1 of the Swamp
 43756 | Swamp:1  | Noticed Mlioglotl
 43892 | Swamp:1  | Noticed Frances
 43900 | Swamp:1  | Killed Frances
 44704 | Swamp:2  | Reached skill level 15 in Unarmed Combat
 45457 | Swamp:3  | Noticed Bai Suzhen
 45652 | Swamp:2  | Killed Bai Suzhen
 46313 | Swamp:4  | Entered Level 4 of the Swamp
 46830 | Swamp:4  | Noticed a tentacled monstrosity
 46982 | Swamp:4  | Killed a tentacled monstrosity
 47462 | Swamp:4  | Reached XP level 19. HP: 148/148 MP: 21/36
 48917 | Swamp:4  | Got a decaying rune of Zot
 50079 | Elf:1    | Entered Level 1 of the Elven Halls
 50887 | Elf:1    | Got the Almanac of Darkness
 52279 | Elf:2    | Got the Papyrus of Dark Rites
 52835 | Elf:2    | Found a runed translucent gate.
 52836 | Elf:2    | Found a runed translucent gate.
 52836 | Elf:2    | Found a runed translucent gate.
 53318 | Elf:3    | Entered Level 3 of the Elven Halls
 53764 | Elf:3    | Found Dourphebb's Antique Armour Shoppe.
 53928 | Elf:3    | Bought a glowing scarf for 280 gold pieces
 53977 | Elf:3    | Learned a level 5 spell: Borgnjor's Vile Clutch
 54490 | Elf:3    | Cast into level 3 of the Abyss (a deep elf sorcerer)
 55149 | Abyss:3  | Noticed a bone dragon
 55196 | Abyss:3  | Killed a bone dragon
 55199 | Elf:3    | Escaped the Abyss
 55249 | Elf:3    | Acquired the ring of Qotodoc {rPois rF+ rN++ Will+ Stlth+}
 55260 | Elf:3    | Found the +10 morningstar "Eos" {elec, Halo rElec}
 55265 | Elf:3    | Got Witchcraft, Part Four
 55269 | Elf:3    | Got Nekuh's Disquisition on Gliding Malediction
 55284 | Elf:3    | Got the Volume of the Traveller and Companions
 55288 | Elf:3    | Identified the +1 scale mail "Ebryecwe" {Str+6}
 55318 | Elf:3    | Identified the +6 spear "Killer Klown's Peril" {elec,
                  | rPois}
 55339 | Elf:3    | Cast into level 2 of the Abyss (a deep elf demonologist)
 56215 | Elf:3    | Escaped the Abyss
 56627 | Elf:3    | Reached XP level 20. HP: 114/157 MP: 35/38
 58003 | Vaults:1 | Entered Level 1 of the Vaults
 58339 | Orc:2    | Bought a scroll of teleportation for 33 gold pieces
 58339 | Orc:2    | Bought a scroll of teleportation for 33 gold pieces
 58349 | Orc:2    | Bought a potion of curing for 48 gold pieces
 58349 | Orc:2    | Bought a potion of cancellation for 128 gold pieces
 58349 | Orc:2    | Bought a potion of curing for 48 gold pieces
 58349 | Orc:2    | Bought a potion of curing for 48 gold pieces
 58350 | Orc:2    | Bought a potion of resistance for 100 gold pieces
 58495 | D:15     | Bought a scroll of summoning for 142 gold pieces
 58513 | D:15     | Bought a scroll of summoning for 161 gold pieces
 58715 | D:5      | Bought a book of Minor Magic for 234 gold pieces
 58718 | D:5      | Learned a level 2 spell: Searing Ray
 60003 | D:14     | Learned a level 3 spell: Mephitic Cloud
 60109 | Vaults:2 | HP: 2/158 [ironbound thunderhulk/bolt of lightning[a vault
                  | warden] (57)]
 60501 | Vaults:2 | Reached skill level 15 in Invocations
 61709 | Vaults:2 | Noticed a bone dragon
 61711 | Vaults:2 | Found a staircase to the Crypt.
 61742 | Vaults:2 | Killed a bone dragon
 62301 | Vaults:3 | Noticed Boris
 62316 | Vaults:3 | Killed Boris
 62896 | Vaults:3 | Reached XP level 21. HP: 134/165 MP: 34/39
 63200 | Vaults:3 | Reached skill level 15 in Spellcasting
 63482 | Vaults:3 | Reached skill level 15 in Short Blades
 64122 | Vaults:4 | Acquired a +2 hat of willpower
 64135 | Vaults:4 | Found Kiosoedgh's Distillery.
 64179 | Vaults:4 | Reached skill level 15 in Dodging
 64739 | Vaults:4 | Noticed Boris
 64748 | Vaults:4 | Killed Boris
 67218 | Lair:3   | Killed Mlioglotl
 68084 | D:15     | Bought the +0 robe of the Lich-sworn {rElec rF++ rC-} for
                  | 403 gold pieces
 68101 | D:15     | Bought a scroll of immolation for 59 gold pieces
 68437 | Vaults:5 | Entered Level 5 of the Vaults
 68868 | Vaults:4 | Reached skill level 15 in Axes
 68868 | Vaults:4 | Reached XP level 22. HP: 144/174 MP: 41/41
 69441 | Vaults:5 | Noticed a golden dragon
 69471 | Vaults:5 | Identified the amulet of Wishful Thinking {Acrobat rF+}
 69471 | Vaults:5 | Identified the +9 flail "Impslayer" {vorpal, Str+7 Int+6
                  | Dex-3}
 69525 | Vaults:5 | Identified the ring "Vidill" {rF+ rCorr Int+9 Dex+3 Stlth-}
 69531 | Vaults:5 | Reached skill level 15 in Fighting
 69531 | Vaults:5 | Reached skill level 15 in Long Blades
 69531 | Vaults:5 | Reached skill level 15 in Maces & Flails
 69531 | Vaults:5 | Reached skill level 15 in Polearms
 69531 | Vaults:5 | Reached skill level 15 in Staves
 69531 | Vaults:5 | Reached skill level 15 in Slings
 69531 | Vaults:5 | Reached skill level 15 in Bows
 69531 | Vaults:5 | Reached skill level 15 in Crossbows
 69531 | Vaults:5 | Reached skill level 15 in Throwing
 69531 | Vaults:5 | Reached skill level 15 in Armour
 69531 | Vaults:5 | Reached skill level 15 in Shields
 69531 | Vaults:5 | Reached skill level 15 in Evocations
 69706 | Vaults:5 | Killed a golden dragon
 69790 | Vaults:5 | Identified the +5 chain mail of the Cicada {Contam +Inv
                  | Str+8 Dex-4}
 69885 | Vaults:5 | Noticed an ancient lich
 69913 | Vaults:5 | Killed an ancient lich
 70435 | Vaults:5 | Got a silver rune of Zot
 72551 | Slime:1  | Entered Level 1 of the Pits of Slime
 72554 | Slime:2  | Noticed Dissolution
 72569 | Slime:2  | Paralysed by a floating eye for 4 turns
 72575 | Slime:2  | Killed Dissolution
 73041 | Slime:4  | Reached XP level 23. HP: 149/182 MP: 43/43
 73248 | Slime:5  | Entered Level 5 of the Pits of Slime
 73301 | Slime:5  | Gained mutation: Your spells are a little easier to cast,
                  | but a little less powerful. [a shining eye]
 73423 | Slime:5  | Gained mutation: You are dopey. (Int -2) [a shining eye]
 74284 | Slime:5  | Noticed the Royal Jelly
 74339 | Slime:5  | Found a viscous altar of Jiyva.
 74349 | Slime:5  | Upgraded the game from 0.29-a0-323-g050149af67 to
                  | 0.29-a0-337-g68df138881
 74715 | Depths:1 | Entered Level 1 of the Depths
 75667 | Depths:1 | Noticed Boris
 75703 | Depths:1 | Killed Boris
 76280 | Depths:1 | Identified the +2 ring mail of Dishonesty {rElec}
 76293 | Depths:1 | Identified the +10 lajatang of Fortitude {flame, rF- rC+
                  | rCorr Int+9}
 76527 | Depths:1 | Found a gateway to Hell.
 76552 | Depths:1 | Reached skill level 15 in Ice Magic
 76722 | Depths:1 | Found a bloodstained altar of Trog.
 76948 | Depths:1 | Found a one-way gate leading to the halls of Pandemonium.
 77056 | Depths:2 | Found a hide-covered altar of Uskayaw.
 77417 | Depths:2 | You fall into a shaft and drop 1 floor!
 77432 | Depths:3 | Noticed a golden dragon
 77432 | Depths:3 | Noticed a golden dragon
 77450 | Depths:3 | Killed a golden dragon
 77457 | Depths:3 | Noticed a juggernaut
 77468 | Depths:3 | Killed a juggernaut
 77757 | Depths:3 | Identified the +4 glaive "Jats" {holy, +Blink rPois Str+7}
 77791 | Depths:3 | Killed a golden dragon
 78057 | Depths:3 | Found a one-way gate to the infinite horrors of the Abyss.
 78191 | Depths:3 | Reached XP level 24. HP: 168/191 MP: 38/43
 78336 | Depths:3 | Identified the +1 scale mail of Ruril {rC+ Int+4 Stlth+}
 78665 | Depths:3 | Found a glowing golden altar of the Shining One.
 78665 | Depths:3 | Found an ornate altar of the Wu Jian Council.
 78731 | Depths:3 | Found a shimmering blue altar of Sif Muna.
 78733 | Depths:3 | Found a broken altar of Ashenzari.
 79145 | Depths:3 | Got the Almanac of the Frostbite and Curses
 79466 | Depths:3 | Found a runed translucent door.
 79735 | Depths:3 | Noticed a caustic shrike
 79743 | Depths:3 | Killed a caustic shrike
 79815 | Depths:3 | Identified the +5 chain mail "Pyropp" {rF+}
 80236 | Depths:3 | Got the Compendium of Dark Rites
 80365 | Depths:3 | Identified the ring "Cimeqole" {rN+ rCorr}
 80428 | Depths:3 | Found a one-way gateway to a ziggurat.
 80428 | Depths:3 | Found a runed translucent door.
 80430 | Depths:3 | Found a white marble altar of Elyvilon.
 80440 | Depths:3 | Found a runed translucent door.
 81155 | Depths:2 | Found a broken altar of Ashenzari.
 81219 | Depths:2 | Found Leseaq's Antique Armour Boutique.
 81221 | Depths:2 | Found Heup's Jewellery Shop.
 81223 | Depths:2 | Found Pieqeab's Antique Weapon Boutique.
 82066 | Depths:4 | Entered Level 4 of the Depths
 82301 | Depths:4 | Found a gate to the Realm of Zot.
 82519 | Depths:4 | Reached XP level 25. HP: 170/199 MP: 34/44
 83537 | Depths:4 | Found a radiant altar of Vehumet.
 84848 | Lair:6   | Learned a level 4 spell: Dispel Undead
 85257 | Crypt:1  | Entered Level 1 of the Crypt
 86460 | Crypt:1  | Identified the +3 falchion of Xamp {flame, rPois Dex+3}
 86578 | Crypt:1  | Found an ancient bone altar of Kikubaaqudgha.
 86650 | Crypt:2  | Noticed Boris
 86667 | Crypt:2  | Killed Boris
 87786 | Crypt:3  | Entered Level 3 of the Crypt
 88292 | Crypt:3  | Identified the ring of Fead {Ice Int+4 Stlth+}
 88425 | Crypt:3  | Learned a level 7 spell: Ozocubu's Refrigeration
 88739 | Crypt:3  | Noticed Jory
 88774 | Crypt:3  | Killed Jory
 89071 | Crypt:3  | Found an ancient bone altar of Kikubaaqudgha.
 89088 | Crypt:3  | Noticed an ancient lich
 89096 | Crypt:3  | Killed an ancient lich
 89119 | Crypt:3  | Identified the +4 whip of the Secret Realms {antimagic,
                  | Contam rN+ Dex+7}
 89155 | Crypt:3  | Noticed a dread lich
 89167 | Crypt:3  | Killed a dread lich
 89672 | Crypt:3  | Paralysed by a sphinx for 5 turns
 89957 | Crypt:3  | Found a staircase to the Tomb.
 91384 | Vaults:3 | Learned a level 5 spell: Lee's Rapid Deconstruction
 91843 | Slime:5  | Killed the Royal Jelly
 91844 | Slime:5  | Reached XP level 26. HP: 155/209 MP: 5/45
 91944 | Slime:5  | Identified the +7 morningstar "Ryxzuch" {freeze, rC+ Str+4
                  | Dex+4}
 91948 | Slime:5  | Identified the ring "Mywk" {rN+ Will+}
 91950 | Slime:5  | Identified the +10 war axe of Vanity {freeze, *Noise rC+
                  | Str+2}
 91980 | Slime:5  | Got Etydyoge's Guide on Ensnaring Companions
 92006 | Slime:5  | Got the Volume of Shape Shifting
 92018 | Slime:5  | Got a slimy rune of Zot
 92170 | Slime:1  | Gained mutation: You sometimes lose the ability to read
                  | scrolls when taking damage. [a shining eye]
 92177 | Slime:1  | Gained mutation: You are frail. (-10% HP) [a shining eye]
 92508 | Slime:1  | Lost mutation: You are dopey. (Int -2) [a shining eye]
 92511 | Slime:1  | Gained mutation: You are clumsy. (Dex -2) [a shining eye]
 92759 | Lair:6   | Upgraded the game from 0.29-a0-337-g68df138881 to
                  | 0.29-a0-338-g1ff7896281
 93031 | D:8      | Killed Gastronok
 93150 | D:8      | Killed Psyche
 93448 | D:4      | Killed PezBoy's ghost
 93574 | D:3      | Killed spiderkeys's ghost
 93909 | Zot:1    | Entered Level 1 of the Realm of Zot
 94498 | Zot:1    | Noticed an orb of fire
 94501 | Zot:1    | Gained mutation: Your body sometimes deteriorates upon
                  | taking damage. [an orb of fire]
 94501 | Zot:1    | Gained mutation: You are occasionally teleported next to
                  | monsters. [an orb of fire]
 94503 | Zot:1    | Gained mutation: You are very clumsy. (Dex -4) [an orb of
                  | fire]
 94514 | Zot:1    | Killed from afar by an orb of fire

Illustrated notes

Levels and vault maps discovered:
D:1:      erik_arrival_cave_to_civilisation [erik_arrival_cave_to_hall],
          layout_loops_ring, serial_shops, nicolae_diamond_shop,
          shapermc_ecumenical_altar_hornbeckon
D:2:      layout_loops_cross
D:3:      layout_rooms, gammafunk_ghost_stat_death, minivault_4, uniq_jessica
D:4:      layout_rooms, minmay_overflow_temple_hex,
          minmay_temple_entry_purple_smoke, gammafunk_ghost_arena
D:5:      layout_basic, kennysheep_windowed_goal
D:6:      layout_loops_cross, ebering_ghost_rock_garden, uniq_duvessa
D:7:      minmay_chambers_of_fours, layout_rooms, kennysheep_mini_moat,
          minmay_quadrilaterals
D:8:      layout_layer_cave, uniq_psyche, uniq_gastronok
D:9:      layout_loops_corners, dk_noncrumbling_3, roderic_lattice_a
D:10:     layout_cave_pools, lemuel_zombie_altar_yredelemnul, orc_0_dummy
D:11:     layout_big_octagon, erik_lair_dragon, biasface_ghost_orc_armoury,
          ebering_dispersal_statue_hall, water_maze_lemuel
D:12:     layout_irregular_city, serial_bayou, serial_bayou_pond_d,
          serial_bayou_lake_a, serial_bayou_pond_d, serial_bayou_pond_c
D:13:     layout_roguey, roderic_serpentine_path,
          grunt_dithmenos_smoke_and_mirrors, uniq_kirke, uniq_jorgrun,
          uniq_nessos, uniq_lodul
D:14:     layout_gridville, david_vaults_5
D:15:     hangedman_depths_entry_civil_slaughter, layout_basic, serial_shops,
          nicolae_shop_advertising_works [nicolae_subvault_shop_adworks],
          nicolae_square_shop, shop, nicolae_shop_hallway_plus, shop_coins,
          serial_rivers, chequers_serial_rivers_small_b,
          chequers_serial_rivers_room_b, chequers_serial_rivers_small_b,
          chequers_serial_rivers_micro_a, chequers_serial_rivers_micro_a,
          elyvilon_altar_4, uniq_louise
Temple:   dpeg_chambers_temple
Lair:1:   layout_layer_cave, basic_altar, gammafunk_ghost_hydra_chop,
          grunt_forest_stairs_basic, disabler_island, serial_bayou_shore_a,
          grunt_megastairs_2
Lair:2:   nzn_winding_woodlands_three_and_one
          [nzn_winding_woodlands_5x15_sidewinder,
          nzn_winding_woodlands_5x15_twine, nzn_winding_woodlands_5x15_sawtooth,
          nzn_winding_woodlands_center_diamonds], layout_chaotic_city,
          guppyfry_snake_entry_garden, lightli_volcano_entry_magma_tube
Lair:3:   layout_cave_pods, swamp_mist, basic_altar, grunt_megastairs_5
Lair:4:   layout_loops_ring, serial_bayou_shore_b
Lair:5:   kb_forest_paths, layout_regular_city, dreamdust_gnoll_shepherd
Lair:6:   cheibrodos_lair_end_hotspot, layout_regular_city, slime_dummy,
          gauntlet_entry_generic, grunt_forest_large_clearings
Swamp:1:  layout_basic_swamp, serial_swamp_ruin, evilmike_swamp_ruin_house_5,
          evilmike_swamp_ruin_house_6, evilmike_swamp_ruin_rubble_2,
          infiniplex_staircase_pool, uniq_frances, uniq_mlioglotl
Swamp:2:  layout_basic_swamp, nicolae_swamp_orc_logging_accident,
          nicolae_swamp_frolicking_bunyips
Swamp:3:  layout_falls_marsh, nicolae_swamp_fairy_circle, uniq_bai_suzhen
Swamp:4:  swamp, layout_basic_swamp
Snake:1:  layout_onion, serial_shops, nicolae_diamond_shop,
          nicolae_snake_coiling_death
Snake:2:  layout_misc_corridors, special_room, drop_trap, uniq_donald
Snake:3:  layout_misc_corridors
Snake:4:  grunt_snake_rune_serpentine_throne, layout_rooms,
          nrook_guardian_serpent_double
Slime:1:  layout_caves
Slime:2:  layout_caves, dissolution_awaits
Slime:3:  layout_caves, cheibrodos_slime_lost_civilization_4
Slime:4:  cheibrodos_slime_lost_civilization_10, layout_caves
Slime:5
Orc:1:    layout_diamond_mine
Orc:2:    st_orc_ogre_mass, layout_diamond_mine, minmay_orc_temple_b
Elf:1:    nicolae_elf_arrival_fired_up, layout_geoelf_octagon,
          minmay_elf_necromancy
Elf:2:    nicolae_elf_blades_crystal_corner, layout_gridlike, st_stairs_5
Elf:3:    elf_hall, layout_gridlike, serial_shops, shop
Vaults:1: nicolae_vaults_rhombus_7, ontoclasm_vaults_ligature,
          nicolae_vaults_circle_grid_a, nicolae_vaults_little_squares_2,
          vaults_room_fancy_cross, nicolae_vaults_big_angled_halls,
          vaults_room_grid, nicolae_vaults_three_branches,
          vaults_room_stairs_pillars, layout_vaults_maze
Vaults:2: minmay_crypt_entry_nasty_monster, v_misc_11, grunt_vaults_focal,
          v_misc_12, ontoclasm_vaults_shout, nicolae_vaults_alarming,
          hangedman_vaults_stagger, nicolae_vaults_little_squares_4,
          vaults_room_ringed_pool, v_misc_17, nicolae_vaults_shelves_hall,
          layout_vaults_ring
Vaults:3: nicolae_vaults_diagonal_hallway_7, st_cross, v_misc_32,
          nicolae_vaults_rhombus_5, v_misc_19, nicolae_vaults_little_squares_3,
          v_alt_pattern_5, layout_vaults_omnigrid, uniq_boris
Vaults:4: v_alt_pattern_2, hangedman_vaults_stream, v_alt_pattern_3,
          nicolae_vaults_diagonal_hallway_7, v_rooms_2, vaults_room_boxed,
          v_rooms_4, ontoclasm_vaults_ring_square, v_misc_4,
          ontoclasm_vaults_ring_small, ontoclasm_vaults_idyll, v_misc_19,
          nicolae_vaults_holding_cells, v_alt_pattern_1, layout_vaults_omnibox,
          serial_shops, shop
Vaults:5
Crypt:1:  cheibrodos_crypt_eye_of_stone, layout_regular_city
Crypt:2:  layout_chaotic_city
Crypt:3:  quadcrypt_mu, uniq_jory
Depths:1: layout_cave_shapes, hellmouth_3, rand_demon_pan_entry_4,
          lemuel_statue_altar, minmay_misc_feat_iff, kennysheep_just_a_vault
Depths:2: regret_index_uskayaw_diablada_macabre, layout_cave_shapes, hell_entry,
          rand_demon_pan_entry_3, special_room [special_room_jelly],
          hangedman_decor_growths, nicolae_ashenzari_panopticon,
          infiniplex_staircase_split_hallway, minmay_shop_star
Depths:3: minmay_the_grid_ultimate [minmay_the_grid_prize_big_room,
          minmay_the_grid_prize_trominoes, minmay_the_grid_prize_four_corners,
          minmay_the_grid_prize_trominoes, minmay_the_grid_square_5x5_longway,
          minmay_the_grid_square_5x5_fat_x, minmay_the_grid_square_5x5_two,
          minmay_the_grid_square_5x5_empty, minmay_the_grid_square_5x5_dogpile,
          minmay_the_grid_square_5x5_bite, minmay_the_grid_square_5x5_bridge,
          minmay_the_grid_square_5x5_three_walls, minmay_the_grid_square_5x5_c,
          minmay_the_grid_square_5x5_pentomino_r,
          minmay_the_grid_square_5x5_bracketed,
          minmay_the_grid_square_5x5_spiral, minmay_the_grid_square_5x5_comb,
          minmay_the_grid_square_5x5_checkered_sparse,
          minmay_the_grid_square_5x5_tie,
          minmay_the_grid_triangle_9x9_subtriangle,
          minmay_the_grid_triangle_9x9_descending_squares,
          minmay_the_grid_triangle_9x9_tough_junction,
          minmay_the_grid_triangle_9x9_flanged_cone,
          minmay_the_grid_triangle_9x9_cache,
          minmay_the_grid_triangle_9x9_corruption,
          minmay_the_grid_triangle_9x9_pentomino_pain,
          minmay_the_grid_triangle_9x9_swiss_cheese,
          minmay_the_grid_triangle_9x9_limited_checkers,
          minmay_the_grid_triangle_9x9_longest,
          minmay_the_grid_triangle_9x9_from_above,
          minmay_the_grid_triangle_9x9_sprig,
          minmay_the_grid_triangle_9x9_corrupted_corridor,
          minmay_the_grid_triangle_9x9_dagger,
          minmay_the_grid_triangle_9x9_semitri,
          minmay_the_grid_triangle_9x9_zippers_vertical,
          minmay_the_grid_square_5x5_seven,
          minmay_the_grid_octo_tetromino_candy,
          minmay_the_grid_octo_vomiting_pacman, minmay_the_grid_octo_clover,
          minmay_the_grid_octo_horde, minmay_the_grid_octo_odd_swirl,
          minmay_the_grid_octo_concentric, minmay_the_grid_octo_fan_narrow,
          minmay_the_grid_octo_shrine, minmay_the_grid_odd_star,
          minmay_the_grid_zigzag_pyramid, minmay_the_grid_outer_diamond,
          minmay_the_grid_stretched_grid], hell_entry, serial_shops, abyss_entry
Depths:4: evilmike_zot_entry_argh, layout_small_grid, minmay_misc_feat_cross,
          hell_entry, fiery_altar_vehumet
Zot:1:    lemuel_halls_of_wrath, layout_cathedral_of_symmetry

Skill      XL: |  1  2  3  4  5  6  7  8  9 10 11 12 13 14 15 16 17 18 19 20 21 22 23 24 25 26 |
---------------+-------------------------------------------------------------------------------+-----
Spellcasting   | 5 6 7 8 9 10 11 12 13 14 15 16 17 18 | 18.1
Invocations    | 1 2 3 4 5 6 7 8 9 10 11 12 13 14 15 16 17 18 | 18.9
Fighting       | 1 2 3 4 5 6 7 8 9 10 11 12 13 14 15 16 17 | 17.5
Short Blades   | 1 2 3 4 5 6 7 8 9 10 11 12 13 14 16 17 18 19 20 | 20.6
Long Blades    | 1 2 3 4 5 6 7 8 9 10 11 12 13 14 15 16 17 | 17.5
Axes           | 1 2 3 4 5 6 7 8 9 10 11 12 13 14 15 16 17 18 19 | 19.8
Maces & Flails | 1 2 3 4 5 6 7 8 9 10 11 12 13 14 15 16 17 | 17.5
Polearms       | 1 2 3 4 5 6 7 8 9 10 11 12 13 14 15 16 17 | 17.5
Staves         | 1 2 3 4 5 6 7 8 9 10 11 12 13 14 15 16 17 | 17.5
Slings         | 1 2 3 4 5 6 7 8 9 10 11 12 13 14 15 16 17 | 17.5
Bows           | 1 2 3 4 5 6 7 8 9 10 11 12 13 14 15 16 17 | 17.5
Crossbows      | 1 2 3 4 5 6 7 8 9 10 11 12 13 14 15 16 17 | 17.5
Throwing       | 1 2 3 4 5 6 7 8 9 10 11 12 13 14 15 16 17 | 17.5
Armour         | 1 2 3 4 5 6 7 8 9 10 11 12 13 14 15 16 17 | 17.8
Shields        | 1 2 3 4 5 6 7 8 9 10 11 12 13 14 15 16 17 | 17.5
Unarmed Combat | 1 2 3 4 5 6 7 8 10 11 13 14 15 16 17 18 19 20 21 22 | 22.4
Evocations     | 1 2 3 4 5 6 7 8 9 10 11 12 13 14 15 16 17 | 17.5
Conjurations   | 1 2 3 4 5 6 7 8 9 10 11 12 13 14 | 14.9
Hexes          | 1 2 3 4 5 6 7 8 9 10 11 12 13 14 | 14.9
Summonings     | 1 2 3 4 5 6 7 8 9 10 11 12 13 14 | 14.9
Necromancy     | 1 2 3 4 5 6 7 8 9 10 11 12 13 14 | 14.9
Translocations | 1 2 3 4 5 6 7 8 9 10 11 12 13 14 | 14.9
Transmutations | 1 2 3 4 5 6 7 8 9 10 11 12 13 14 | 14.9
Fire Magic     | 1 2 3 4 5 6 7 8 9 10 11 12 13 14 | 14.9
Air Magic      | 1 2 3 4 5 6 7 8 9 10 11 12 13 14 | 14.9
Earth Magic    | 1 2 3 4 5 6 7 8 9 10 11 12 13 14 | 14.9
Poison Magic   | 1 2 3 4 5 6 7 8 9 10 11 12 13 14 | 14.9
Dodging        | 5 6 7 8 9 10 11 12 13 14 15 16 17 18 | 18.0
Stealth        | 5 6 7 8 9 11 12 13 14 16 17 18 19 20 21 22 | 22.7
Ice Magic      | 8 9 10 11 12 13 14 15 16 | 16.3

Action                   |  1- 3 |  4- 6 |  7- 9 | 10-12 | 13-15 | 16-18 | 19-21 | 22-24 | 25-27 || total
-------------------------+-------+-------+-------+-------+-------+-------+-------+-------+-------++-------
Melee: Unarmed           |    16 |       |       |       |       |       |       |       |       ||    16
       Bite              |     3 |     8 |    31 |    39 |   112 |   169 |   261 |   331 |   260 ||  1214
       Whip              |    12 |    78 |    97 |    11 |     5 |       |       |       |       ||   203
       War axe           |       |       |   140 |   333 |   766 |   995 |   961 |  1252 |   922 ||  5369
       Dagger            |       |       |       |    10 |     6 |       |       |       |       ||    16
       Spear             |       |       |       |       |       |    73 |       |       |       ||    73
       Morningstar       |       |       |       |       |       |       |   212 |    47 |    83 ||   342
       Scimitar          |       |       |       |       |       |       |    13 |    50 |       ||    63
       Staff             |       |       |       |       |       |       |       |       |    12 ||    12
Throw: Javelin           |       |     2 |     2 |     1 |     5 |       |       |       |       ||    10
       Dart              |       |       |     1 |       |       |       |       |       |       ||     1
 Cast: Freeze            |    55 |    53 |     7 |       |       |       |       |       |       ||   115
       Frozen Ramparts   |       |     4 |    17 |    26 |    24 |    17 |    12 |    12 |       ||   112
       Ozocubu's Armour  |       |       |     2 |     9 |    16 |     6 |     2 |     6 |       ||    41
       Foxfire           |       |       |     3 |     1 |     2 |       |     1 |       |       ||     7
       Stone Arrow       |       |       |       |    17 |    58 |    62 |    42 |    11 |     1 ||   191
       Hailstorm         |       |       |       |     3 |     4 |    15 |     9 |     9 |    25 ||    65
       Airstrike         |       |       |       |       |    20 |   121 |   100 |   147 |    32 ||   420
       Anguish           |       |       |       |       |     6 |    22 |     2 |     4 |       ||    34
       Flame Wave        |       |       |       |       |       |     2 |     4 |     5 |       ||    11
       Iskenderun's Myst |       |       |       |       |       |    17 |    51 |    56 |    28 ||   152
       Freezing Cloud    |       |       |       |       |       |     1 |     9 |     3 |       ||    13
       Borgnjor's Vile C |       |       |       |       |       |       |    27 |    26 |     1 ||    54
       Mephitic Cloud    |       |       |       |       |       |       |     4 |     2 |     1 ||     7
       Searing Ray       |       |       |       |       |       |       |     1 |     2 |       ||     3
       Ozocubu's Refrige |       |       |       |       |       |       |       |       |    23 ||    23
       Dispel Undead     |       |       |       |       |       |       |       |       |     1 ||     1
Invok: Bend Time         |       |       |     1 |     3 |     6 |       |       |       |       ||    10
       Temporal Distorti |       |       |       |     3 |       |       |       |       |       ||     3
       Slouch            |       |       |       |     1 |     1 |     5 |     6 |    17 |     4 ||    34
       Step From Time    |       |       |       |       |       |       |     1 |       |     2 ||     3
Evoke: Wand              |       |       |     2 |    19 |    20 |    18 |    33 |    53 |     4 ||   149
       Box of beasts     |       |       |       |       |     1 |       |     1 |     1 |       ||     3
       Lightning rod     |       |       |       |       |     7 |     6 |     3 |    25 |     4 ||    45
       Condenser vane    |       |       |       |       |     1 |     2 |     2 |     3 |       ||     8
       Tin of tremorston |       |       |       |       |       |       |       |       |     3 ||     3
  Use: Potion            |     1 |     2 |       |     6 |     3 |     9 |    11 |    17 |    11 ||    60
       Scroll            |       |    12 |     8 |    14 |     7 |    12 |    16 |    16 |     3 ||    88
 Stab: Sleeping          |     7 |     1 |     8 |    15 |    18 |    16 |    40 |    17 |    25 ||   147
       Petrified         |       |       |       |     1 |       |       |       |       |       ||     1
       Distracted        |       |       |       |       |     6 |    12 |     9 |     7 |     7 ||    41
       Confused          |       |       |       |       |       |       |     2 |     6 |       ||     8
       Paralysed         |       |       |       |       |       |       |     1 |     5 |       ||     6
Armor: Robe              |     6 |    14 |    25 |    10 |       |       |       |       |       ||    55
       Steam dragon scal |       |       |       |    66 |   126 |    19 |       |       |       ||   211
       Plate armour      |       |       |       |       |    26 |       |   246 |   336 |   268 ||   876
       Chain mail        |       |       |       |       |       |   174 |       |       |       ||   174
       Swamp dragon scal |       |       |       |       |       |     6 |    52 |       |       ||    58
Dodge: Dodged            |    33 |    82 |   149 |   331 |   766 |   686 |   639 |   751 |   648 ||  4085
Block: Buckler           |    13 |    39 |    94 |   253 |   718 |   622 |       |       |       ||  1739
       Reflection        |       |       |       |       |    12 |    95 |    63 |    47 |    13 ||   230
       Kite shield       |       |       |       |       |       |   566 |   922 |  1131 |   905 ||  3524

Table legend: (Time is in decaauts)
 A = Elapsed time spent in this place.
 B = Non-inter-level travel time spent in this place.
 C = Inter-level travel time spent in this place.
 D = Time resting spent in this place.
 E = Time spent auto-exploring this place.
 F = Levels seen in this place.
 G = Mean time per level.
                   A        B        C        D        E       F      G
               +--------+--------+--------+--------+--------+-----+--------+
         Total | 135123 | 119549 |  15574 |  34360 |  47168 |  56 | 2412.9 |
       Dungeon |  36759 |  29561 |   7198 |   8155 |  14229 |  15 | 2450.6 |
        Temple |    177 |    151 |     26 |      0 |    137 |   1 |  177.0 |
          Lair |  19379 |  16512 |   2867 |   4175 |   6356 |   6 | 3229.8 |
         Swamp |   9330 |   8615 |    715 |   3668 |   2874 |   4 | 2332.5 |
     Snake Pit |  10339 |   9731 |    608 |   3300 |   3728 |   4 | 2584.8 |
    Slime Pits |   4218 |   4174 |     44 |   1730 |      0 |   5 |  843.6 |
  Orcish Mines |   4357 |   3830 |    527 |    970 |   1834 |   2 | 2178.5 |
   Elven Halls |   8709 |   8385 |    324 |   2937 |   2751 |   3 | 2903.0 |
        Vaults |  17047 |  15168 |   1879 |   4509 |   6960 |   5 | 3409.4 |
         Crypt |   9267 |   8571 |    696 |   1567 |   3127 |   3 | 3089.0 |
        Depths |  11562 |  10878 |    684 |   2329 |   4696 |   4 | 2890.5 |
           Zot |    798 |    798 |      0 |    361 |    120 |   1 |  798.0 |
         Abyss |   2338 |   2338 |      0 |    386 |    355 |   2 | 1169.0 |
      Gauntlet |    839 |    839 |      0 |    271 |      0 |   1 |  839.0 |
               +--------+--------+--------+--------+--------+-----+--------+

Top non-repeatable levels by time:
 Crypt:3: 5370 daAuts
Depths:3: 5134 daAuts
    D:11: 5131 daAuts
Vaults:4: 4528 daAuts
 Swamp:4: 4354 daAuts
  Lair:3: 4084 daAuts
   Elf:3: 4010 daAuts
 Snake:4: 3891 daAuts
  Lair:1: 3853 daAuts
Vaults:3: 3662 daAuts
  Lair:6: 3519 daAuts
    D:15: 3450 daAuts
Vaults:5: 3404 daAuts
Vaults:2: 3223 daAuts
    D:14: 3027 daAuts
